AoeStats
← Enrique78

Arena

509358560Analyzed
1v1 RM · 6d ago on Sep 26, 2026· 23m 21s· 2 players
Game mode
Random Map
Map size
Tiny (2 player)
Population
200
Speed
Normal
Resources
Standard
Victory
Conquest
Starting age
Dark Age
Ending age
Imperial Age
RankedLock teamsTeams togetherTeam positionsShared explorationLock speedFull tech treeHidden civsTurbo modeCheats
Victory
Defeat
🇩🇪 Turks · Germany
846
+17
🇹🇼 Britons · Taiwan
865
-17
Enrique78
12:12 Feudal Age
16:04 Castle Age
21:00 Imperial Age
18:46 Double-Bit Axe
21:25 Padded Archer Armor
yanghero
10:19 Feudal Age
16:10 Castle Age
14:35 Double-Bit Axe
14:42 Horse Collar
15:20 Stone Mining
17:03 Bow Saw
16:57 Heavy Plow
18:09 Gold Mining
20:35 Gold Shaft Mining
23:43 Padded Archer Armor
Connection lost

Rejoining the realm…

Still unreachable

The connection could not be restored.

Session expired

The server has moved on; the page needs a fresh start.